General information
- name: BNet
- type: Ladder 1vs1/FFA
- host: Battle.net
- saver: THELAGHOTEL
map: TurtleRock
- players: 2
- length: 08:31
- speed: Fast
- version: 1.21 W3XP
- replay type: Public
» download(33 KB)
Players
team 1 (loser)
Tyrion (
pink | 155 APM | 1309 actions | 08:27)
1 Demon Hunter
1 Mana Burn
1 Beastmaster
1 Summon Quilbeast
» actions
| Assign group hotkey | 22 | |
| Build / train | 28 | |
| Enter build submenu | 10 | |
| Enter hero's abilities submenu | 2 | |
| Right click | 656 | |
| Select / deselect | 133 | |
| Select group hotkey | 426 | |
| Use ability | 32 | |
1309 total
» units
| Wisp | 9 | |
| Archer | 7 | |
| Druid of the Talon | 2 | |
18 total
» upgrades
| Druid of the Talon Training | 1 | |
1 total
» buildings
| Altar of Elders | 1 | |
| Moon Well | 3 | |
| Ancient of War | 1 | |
| Tree of Ages | 1 | |
| Ancient of Wonders | 1 | |
| Tree of Eternity | 1 | |
| Ancient of Wind | 2 | |
10 total
» build order
00:05 Altar of Elders
00:21 Moon Well
00:52 Ancient of War
01:37 Moon Well
02:47 Tree of Ages
03:24 Moon Well
04:14 Ancient of Wonders
05:26 Tree of Eternity
05:28 Ancient of Wind
06:35 Ancient of Wind
» items
team 2 (winner)

»
THELAGHOTEL (
teal | 90 APM | 768 actions | 08:31)
2 Shadow Hunter
1 Hex
1 Healing Wave
2 Dark Ranger
1 Black Arrow
1 Silence
» actions
| Assign group hotkey | 63 | |
| Basic commands | 49 | |
| Build / train | 31 | |
| ESC pressed | 3 | |
| Enter build submenu | 8 | |
| Enter hero's abilities submenu | 4 | |
| Right click | 347 | |
| Select / deselect | 211 | |
| Select group hotkey | 25 | |
| Use ability | 27 | |
768 total
» units
» upgrades
» buildings
| Altar of Storms | 1 | |
| Orc Burrow | 3 | |
| Barracks | 1 | |
| Voodoo Lounge | 1 | |
| Stronghold | 1 | |
| War Mill | 1 | |
| Fortress | 1 | |
| Beastiary | 1 | |
10 total
» build order
00:05 Altar of Storms
00:22 Orc Burrow
00:55 Barracks
01:38 Voodoo Lounge
01:51 Orc Burrow
03:23 Stronghold
04:53 Orc Burrow
05:31 War Mill
06:59 Fortress
07:02 Beastiary
» items
| Healing Salve | 2 | |
| Lesser Clarity Potion | 2 | |
4 total
Chat log
(00:07 / All) Tyrion: gg gl
(00:14 / All) THELAGHOTEL: gl hf
(00:17 / All) THELAGHOTEL: ty for good manner
(00:28 / All) Tyrion: tyrion always good mannered
(00:34 / All) THELAGHOTEL: =D
(00:42 / All) Tyrion: if he loses he gets angry though
(00:46 / All) Tyrion: and might hack your computer
(00:48 / All) Tyrion: so be carefull
(00:57 / All) THELAGHOTEL: lol go for it
(01:08 / All) THELAGHOTEL: this computer was 100 bucks
(01:10 / All) THELAGHOTEL: at an auction
(01:15 / All) THELAGHOTEL: hard drive is worth liek 5 bucks lol
(01:16 / All) Tyrion: it's ok
(01:19 / All) Tyrion: when tyrion plays ne
(01:28 / All) Tyrion: there is no need for hacking
(01:32 / All) Tyrion: because dh solo's entire armies
(02:09 / All) THELAGHOTEL: my hero always gets sycned and pwned
(02:11 / All) THELAGHOTEL: =(
(02:36 / All) Tyrion: tyrion is intrigued
(03:11 / All) Tyrion: creeps help dh
(03:59 / All) Tyrion: why?
(04:01 / All) THELAGHOTEL: OMG QUICK DUSA INC
(04:14 / All) THELAGHOTEL: i have like 1 minut
(04:22 / All) Tyrion: really?
(04:28 / All) THELAGHOTEL: lol i uno
(04:39 / All) THELAGHOTEL: i'd go dusa dh talons vs orc
(04:40 / All) THELAGHOTEL: but i uno
(04:48 / All) Tyrion: no
(04:51 / All) Tyrion: tyrion goes beastmaster
(04:53 / All) Tyrion: and tier 2 pushes you
(06:35 / All) THELAGHOTEL: damn..
(08:10 / All) Tyrion: lol gg
(08:12 / All) THELAGHOTEL: gg